 Dungeon Crawl Stone Soup version 0.27-a0-1590-g15f69828bf (webtiles) character file.

Game seed: 4781884882978421165

523567 ipx the Metallomancer (level 23, -8/192 HPs)
             Began as a Deep Elf Earth Elementalist on July 16, 2021.
             Was the Champion of Vehumet.
             Mangled by an acid blob (25 damage)
             ... summoned by a monstrous corrupter
             ... on level 9 of a ziggurat on July 18, 2021.
             The game lasted 08:23:06 (15378 turns).

ipx the Metallomancer (DEEE)                       Turns: 15378, Time: 08:23:06

Health: -8/192     AC: 34    Str:  5      XL:     23   Next: 82%
Magic:  20/51      EV:  2    Int: 36 (37) God:    Vehumet [******]
Gold:   1230       SH: 10    Dex: 19      Spells: 5/66 levels left

rFire    x . .     SeeInvis +   a - staff of earth
rCold    . . .     Faith    .   V - +2 buckler {AC+3}
rNeg     + + +     Spirit   .   (armour currently unavailable)
rPois    +         Reflect  .   (helmet currently unavailable)
rElec    +         Harm     .   (cloak currently unavailable)
rCorr    .         Rampage  .   (gloves currently unavailable)
Will     ++++.     NoTele   +   (boots currently unavailable)
Stlth    +++++.....             J - amulet of magic regeneration
HPRegen  0.42/turn              m - ring "Xemyzu Ischip" {rElec rF- Will++ Int+6 Dex+4}
MPRegen  0.57/turn              v - ring of see invisible

@: brilliant, tree-form
A: stationary, stasis, torment immunity, boosted hp, deterioration 2
}: 4/15 runes: decaying, serpentine, slimy, silver
a: Renounce Religion


You were on level 9 of a ziggurat.
You worshipped Vehumet.
Vehumet was exalted by your worship.
You were a tree.
You visited 10 branches of the dungeon, and saw 49 of its levels.
You visited 1 ziggurat, and saw 9 of its levels.
You also visited: Gauntlet and Ice Cave.

You collected 5029 gold pieces.
You spent 3799 gold pieces at shops.

Inventory:

Hand Weapons
 b - the +6 rapier "Abrup" {venom, *Corrode rC+++ rN++}
   (You found it on level 3 of a ziggurat)

   It poisons the flesh of those it strikes.
   rC:        It renders you almost immune to cold.
   rN:        It greatly protects you from negative energy.
   *Corrode:  It may corrode you when you take damage.
Missiles
 S - 7 curare-tipped darts
Armour
 k - a +2 pair of gloves (melded)
 D - a +4 troll leather armour (melded)
 F - the +2 pair of boots of Narcissism (melded) {rCorr MP+9 Int+5}
   (You bought it in a shop on level 2 of the Orcish Mines)

   Int:       It affects your intelligence (+5).
   MP:        It affects your magic capacity (+9).
   rCorr:     It protects you from acid and corrosion.
 Q - the +3 hat of Pondering (melded) {ponderous, Will+ MP+10 Int+5}
   (You found it on level 3 of the Elven Halls)

   Int:       It affects your intelligence (+5).
   MP:        It affects your magic capacity (+10).
   Will:      It increases your willpower.
 T - the +5 cloak of Crawling (melded) {Rampage rF+++ rCorr}
   (You found it in a Gauntlet)

   rF:        It renders you almost immune to fire.
   rCorr:     It protects you from acid and corrosion.
   Rampage:   It bestows one free step when moving towards enemies.
 V - a +2 buckler of protection (worn)
 X - a +2 kite shield
Magical Staves
 a - a staff of earth (weapon)
Jewellery
 c - the ring "Qalokhumn" {rC+ Will++ Dex+3}
   (You found it on level 15 of the Dungeon)

   [ring of protection from cold]

   Dex:       It affects your dexterity (+3).
   rC:        It protects you from cold.
   Will:      It greatly increases your willpower.
 e - a ring of positive energy
 f - a ring of protection from fire
 i - the ring "Zinwyniph" {Int+6 Slay+5}
   (You acquired it on level 3 of the Vaults)

   [ring of intelligence]

   Int:       It affects your intelligence (+6).
   Slay:      It affects your accuracy & damage with ranged weapons and melee
   (+5).
 l - the ring "Doerch" {Fly MP+9 Str+4}
   (You found it on level 4 of the Depths)

   [ring of magical power]

   Str:       It affects your strength (+4).
   MP:        It affects your magic capacity (+9).
   Fly:       It grants you flight.
 m - the ring "Xemyzu Ischip" (left branch) {rElec rF- Will++ Int+6 Dex+4}
   (You took it off a deep elf death mage on level 3 of the Elven Halls)

   [ring of intelligence]

   Int:       It affects your intelligence (+6).
   Dex:       It affects your dexterity (+4).
   rF:        It makes you vulnerable to fire.
   rElec:     It insulates you from electricity.
   Will:      It greatly increases your willpower.
 p - a ring of poison resistance
 s - the ring "Sisor" {Will+ Int+3 Slay+2}
   (You found it in an ice cave)

   [ring of willpower]

   Int:       It affects your intelligence (+3).
   Slay:      It affects your accuracy & damage with ranged weapons and melee
   (+2).
   Will:      It increases your willpower.
 v - a ring of see invisible (right branch)
 w - a ring of wizardry
 J - an amulet of magic regeneration (around neck)
 P - the amulet of Yesterday {Faith *Slow Fly rC++}
   (You found it on level 8 of a ziggurat)

   [amulet of faith]

   It allows you to gain divine favour quickly.
   rC:        It greatly protects you from cold.
   Fly:       It grants you flight.
   *Slow:     It may slow you when you take damage.
Wands
 d - a wand of digging (7)
 G - a wand of acid (36)
 H - a wand of paralysis (30)
 N - a wand of iceblast (24)
 Y - a wand of charming (27)
Scrolls
 o - 3 scrolls of immolation
 q - a scroll of silence
 t - 8 scrolls of fear
 y - 2 scrolls of amnesia
 z - 7 scrolls of fog
 A - 2 scrolls of blinking
 B - 2 scrolls of holy word
 C - a scroll of magic mapping
 E - 4 scrolls of identify
 M - 2 scrolls of vulnerability
 R - 3 scrolls of summoning
 U - 17 scrolls of teleportation
Potions
 g - 7 potions of haste
 h - a potion of heal wounds
 j - a potion of ambrosia
 r - 3 potions of magic
 u - 5 potions of lignification
 x - 2 potions of resistance
 I - 6 potions of brilliance
 K - 5 potions of mutation
 Z - 12 potions of curing
Miscellaneous
 n - a phial of floods
 L - a phantom mirror (inert)
 O - a box of beasts
 W - a condenser vane


   Skills:
 - Level 8.3 Fighting
 - Level 8.0 Staves
 - Level 6.0 Armour
 - Level 16.0 Dodging
 - Level 10.0 Stealth
 + Level 12.5 Shields
 - Level 22.0 Spellcasting
 - Level 16.0 Conjurations
 - Level 9.0 Summonings
 - Level 12.0 Necromancy
 - Level 4.0 Translocations
 - Level 6.0 Transmutations
 - Level 3.0 Ice Magic
 - Level 3.0 Air Magic
 - Level 22.3 Earth Magic
 - Level 11.0 Evocations


You had 5 spell levels left.
You knew the following spells:

 Your Spells              Type           Power      Damage    Failure   Level
a - Apportation           Tloc           100%       N/A       1%          1
b - Borgnjor's Vile Clut  Necr/Erth      76%        N/A       0%          5
c - Freezing Cloud        Conj/Ice/Air   47%        6-21      1%          5
d - Orb of Destruction    Conj           62%        9d17      1%          7
g - Passage of Golubria   Tloc           N/A        N/A       1%          4
h - Shatter               Erth           83%        3d60*     1%          9
i - Lehudib's Crystal Sp  Conj/Erth      79%        10d18     1%          8
l - Lee's Rapid Deconstr  Erth           83%        3d38*     0%          5
s - Spellforged Servitor  Conj/Summ      57%        N/A       1%          7
u - Sublimation of Blood  Necr           56%        N/A       0%          2
w - Passwall              Tmut/Erth      100%       N/A       0%          2
z - Magic Dart            Conj           100%       1d8       0%          1
I - Irradiate             Conj/Tmut      54%        3d31      1%          5

Your spell library contained the following spells:

 Spells                   Type           Power      Damage    Failure   Level
 Fire Storm               Conj/Fire      49%        8d12      99%         9
 Ignition                 Fire           28%        3d9       100%        8
 Animate Skeleton         Necr           100%       N/A       0%          1
 Sandblast                Erth           100%       2d20      0%          1
 Summon Small Mammal      Summ           100%       N/A       0%          1
 Searing Ray              Conj           100%       3d7       0%          2
 Static Discharge         Conj/Air       100%       N/A       0%          2
 Stone Arrow              Conj/Erth      100%       3d13      0%          3
 Animate Armour           Summ/Erth      100%       N/A       0%          4
 Corona                   Hex            62%        N/A       1%          1
 Freeze                   Ice            100%       1d11      1%          1
 Corpse Rot               Necr/Air       N/A        N/A       1%          2
 Call Canine Familiar     Summ           100%       N/A       1%          3
 Dazzling Flash           Conj/Hex       100%       N/A       1%          3
 Frozen Ramparts          Ice            100%       1d12      1%          3
 Ignite Poison            Fire/Tmut/Pois 69%        N/A       1%          3
 Inner Flame              Hex/Fire       56%        N/A       1%          3
 Mephitic Cloud           Conj/Pois/Air  91%        N/A       1%          3
 Portal Projectile        Hex/Tloc       100%       N/A       1%          3
 Summon Guardian Golem    Hex/Summ       83%        N/A       1%          3
 Tukima's Dance           Hex            56%        N/A       1%          3
 Dispel Undead            Necr           100%       3d31      1%          4
 Fulminant Prism          Conj/Hex       49%        3d21      1%          4
 Hailstorm                Conj/Ice       100%       3d20      1%          4
 Ice Form                 Ice/Tmut       82%        N/A       1%          4
 Iskenderun's Mystic Bla  Conj/Tloc      100%       2d19      1%          4
 Leda's Liquefaction      Hex/Erth       66%        N/A       1%          4
 Petrify                  Tmut/Erth      100%       N/A       1%          4
 Summon Ice Beast         Ice/Summ       90%        N/A       1%          4
 Agony                    Necr           100%       N/A       1%          5
 Blade Hands              Tmut           45%        N/A       1%          5
 Bolt of Magma            Conj/Fire/Erth 69%        4d27      1%          5
 Fireball                 Conj/Fire      49%        3d19      1%          5
 Iskenderun's Battlesphe  Conj           100%       2d15      1%          5
 Lightning Bolt           Conj/Air       52%        1d73      1%          5
 Yara's Violent Unravell  Hex/Tmut       37%        3d15      1%          5
 Cause Fear               Hex            28%        N/A       7%          4
 Metabolic Englaciation   Hex/Ice        33%        N/A       10%         5
 Silence                  Hex/Air        33%        N/A       10%         5
 Conjure Ball Lightning   Conj/Air       52%        3x3d18    1%          6
 Death Channel            Necr           56%        N/A       1%          6
 Iron Shot                Conj/Erth      79%        9d14      1%          6
 Starburst                Conj/Fire      49%        8x6d13    1%          6
 Statue Form              Tmut/Erth      96%        N/A       1%          6
 Simulacrum               Ice/Necr       48%        N/A       4%          6
 Dragon Form              Tmut           45%        N/A       43%         7
 Discord                  Hex            28%        N/A       100%        8
 Dragon's Call            Summ           51%        N/A       100%        9
 Polar Vortex             Ice            37%        N/A       100%        9


Dungeon Overview and Level Annotations

Branches:
Dungeon (15/15)            Temple (1/1) D:6            Lair (5/6) D:11
  Swamp (4/4) Lair:3        Snake (4/4) Lair:3        Slime (5/5) Lair:5
    Orc (2/2) D:10            Elf (3/3) Orc:2        Vaults (5/5) D:14
  Crypt (0/3) Vaults:3     Depths (5/5) D:15            Zot (0/5) Depths:5
  IceCv (visited)         Gauntlet (visited)

Altars:
Ashenzari
Cheibriados
Dithmenos
Elyvilon
Fedhas
Hepliaklqana
Kikubaaqudgha
Makhleb
Okawaru
Qazlal
Ru
Sif Muna
Trog
Uskayaw
Vehumet
Xom
Yredelemnul
Zin
The Shining One
Jiyva

Shops:
D:3 [   D:8 *   D:10 *   D:13 [**   Orc:1 [?   Orc:2 [*:   Elf:2 [   Snake:4 =
Depths:2 [(   Depths:5 *

Portals:
Hell: Depths:3 Depths:4
Abyss: Depths:4
Trove: D:12 (show abyssal rune of Zot)

Annotations:
D:4 3 runed translucent doors, Ge0ff's ghost, amateur MfGl
D:5 Sigmund
D:6 exclusion: lemure, Maggie
D:7 Dowan; Duvessa
D:8 exclusion: upstairs
D:10 exclusion: upstairs
D:11 1 runed translucent door, askman's ghost, journeyman DsFi
Lair:4 exclusion: oklob plant
Elf:2 exclusion: upstairs
Depths:4 exclusion: downstairs


Innate Abilities, Weirdness & Mutations

You are a tree.
Your roots penetrate the ground, keeping you stationary.
You cannot be teleported.
You are immune to unholy pain and torment.
Your maximum health is greatly increased.
Your equipment is partially melded.
Your body often deteriorates upon taking damage.


Message History

The sun demon disappears in a puff of smoke!
The hellwing disappears in a puff of smoke!
The acid blob spits acid at you.
The splash of acid hits you but does no damage.
You are splashed with acid!
* * * LOW HITPOINT WARNING * * *
The golden dragon bites you!!
* * * LOW HITPOINT WARNING * * *
The golden dragon claws you but does no damage.
You block the golden dragon's attack.
You feel your intelligence returning.
You feel the corruption within you wane somewhat.
You feel robust.
You feel more energetic.
You feel robust.
Casting: Lehudib's Crystal Spear (mildly dangerous; 1% risk of failure)
Confirm with . or Enter, or press ? or * to list all spells.
Aiming: Lehudib's Crystal Spear (mildly dangerous; 1% risk of failure)
Press: ? - help, Shift-Dir - straight line, f/p - Tzitzimitl
Aim: a Tzitzimitl (heavily wounded, 74% to hit)
You feel a strong surge of power!
The crystal spear hits the Tzitzimitl!!!!
You kill the Tzitzimitl!
Vehumet accepts your kill.
You feel your power returning.
The infernal warmonger shoots a bolt.
You block the bolt. You block the golden dragon's attack.
The golden dragon claws you but does no damage.
The golden dragon tramples you but does no damage.
You feel the corruption within you wane completely.
You feel more energetic. x2
Casting: Lehudib's Crystal Spear (mildly dangerous; 1% risk of failure)
Confirm with . or Enter, or press ? or * to list all spells.
Aiming: Lehudib's Crystal Spear (mildly dangerous; 1% risk of failure)
Press: ? - help, Shift-Dir - straight line, f - golden dragon
Aim: a golden dragon (summoned, 91% to hit)
You feel a strong surge of power!
The crystal spear hits the golden dragon!!!!
The golden dragon is severely wounded.
The infernal warmonger calls upon its god to speed up the monstrous corrupter.
The monstrous corrupter seems to speed up.
The acid blob hits you!!
You die...

▓▓▓▓▓▓▓▓▓▓▓
▓▓.........▓▓
▓▓...........▓
▓▓.............
▓▓.........2.3.}
▓▓D...........6.)
▓♣J6)J...§*3.1&6?
▓▓...6.....2346.)
▓▓.............)
▓▓.............
▓▓...........▓
▓▓.........▓▓
▓▓▓▓▓▓▓▓▓▓▓


You could see a golden dragon (summoned), an acid blob (summoned), an infernal
warmonger, an azure jelly (summoned) and a monstrous corrupter (fast).

Vanquished Creatures
  the Royal Jelly (Slime:5)
  Dissolution (Slime:3)
  A dread lich (Vaults:5)
  An ancient lich (Vaults:5)
  A pandemonium lord (Zig:9)
  2 juggernauts (Depths:4)
  Boris (twice) (Vaults:2 Vaults:4)
  A shard shrike (IceCv)
  Vashnia (Snake:4)
  3 caustic shrikes (Depths:5)
  A bone dragon (Swamp:4)
  A Tzitzimitl (Zig:9)
  3 iron giants
  5 tentacled monstrosities
  Jorgrun (Swamp:2)
  4 titans (Vaults:5)
  4 liches
  2 deep elf blademasters (Elf:3)
  A quicksilver dragon (Vaults:5)
  The ghost of Meom the Warrior, an adept FoFi of Gozag (Swamp:2)
  2 deep elf master archers (Elf:3)
  18 acid blobs
  4 sphinxes
  An Executioner (Zig:9)
  A shadow dragon (Vaults:5)
  A thorn hunter (Swamp:2)
  3 tengu reavers
  A draconian monk (Zig:4)
  7 storm dragons
  Roxanne (Swamp:2)
  4 nagarajas
  6 rockslimes
  11 azure jellies
  A fenstrider witch (Swamp:3)
  4 deep elf sorcerers
  10 frost giants
  2 fire giants
  12 vault wardens
  A draconian knight (Zig:4)
  An iron dragon (Zig:6)
  A draconian stormcaller (Depths:5)
  10 quicksilver oozes
  3 deep elf elementalists
  11 ironbound preservers
  A reaper (Zig:9)
  13 stone giants
  3 war gargoyles
  3 vampire knights
  5 deep elf demonologists
  12 very ugly things
  A black draconian (Depths:5)
  Nessos (D:14)
  5 deep elf annihilators
  2 spark wasps (Depths:3)
  2 yellow draconians
  3 entropy weavers
  A minotaur (Gauntlet)
  6 dire elephants
  2 white draconians
  2 blizzard demons (Zig:9)
  11 deep elf death magi
  A bunyip (Zig:7)
  A fire dragon (Depths:4)
  5 ettins
  An ironbound thunderhulk (Vaults:3)
  9 yaktaur captains
  6 deep elf high priests
  6 great orbs of eyes
  8 salamander tyrants
  Fannar (Orc:1)
  10 naga warriors
  5 ice dragons
  3 ghost crabs
  A peacekeeper (Vaults:3)
  3 ogre magi
  5 boulder beetles
  Harold (D:11)
  5 ironbound frosthearts
  A hell beast (Zig:9)
  28 vault guards
  17 hydras
  A catoblepas (D:13)
  8 centaur warriors
  7 anacondas
  An alligator snapping turtle (shapeshifter) (Vaults:5)
  6 two-headed ogres
  2 death knights (D:15)
  2 alligators
  11 dancing weapons
  4 death yaks (Lair:4)
  7 tengu warriors
  4 deep troll earth magi
  5 ironbound beastmasters
  7 deep troll shamans
  3 shock serpents
  8 naga sharpshooters
  3 spriggan berserkers
  3 orc high priests (Orc:2)
  11 deep elf knights
  Nergalle (Lair:3)
  13 hell knights
  2 salamander mystics
  A wretched star (Zig:1)
  4 spriggans
  9 skeletal warriors
  5 goliath frogs
  4 iron trolls
  6 sixfirhies
  A fire crab (Lair:3)
  23 deep trolls
  A death drake (Swamp:2)
  An orange crystal statue (IceCv)
  2 spectral hydras (Swamp:4)
  7 spriggan druids
  A sea snake (Snake:2)
  6 bog bodies
  3 swamp dragons
  A torturous demonspawn (Zig:9)
  A flayed ghost (Depths:1)
  4 naga ritualists
  3 glowing orange brains
  7 wizards
  A cherub (Zig:9)
  14 deep elf archers
  6 orc knights
  Pikel (D:6)
  11 deep elf pyromancers
  2 lindwurms (Vaults:4)
  22 deep elf zephyrmancers
  7 necromancers
  7 phantasmal warriors
  8 orc sorcerers
  18 ironbound convokers
  4 mana vipers
  7 cyclopes
  6 shining eyes
  4 manticores
  A moth of wrath (Gauntlet)
  An oklob plant (Lair:4)
  3 will-o-the-wisps
  40 ugly things
  Maurice (Orc:2)
  3 guardian serpents
  8 salamanders
  20 black mambas
  11 vault sentinels
  6 naga magi
  An orange demon (Zig:9)
  9 cane toads
  An eye of devastation (Slime:4)
  A water nymph (shapeshifter) (Vaults:5)
  2 komodo dragons
  An efreet (D:15)
  23 yaktaurs
  3 freezing wraiths
  6 swamp worm zombies (Swamp:4)
  23 rime drakes
  A yaktaur (shapeshifter) (Elf:3)
  2 ice devils (Depths:4)
  4 tengu conjurers
  17 polar bears
  5 trolls
  3 bloated husks
  3 hydra zombies (Swamp:4)
  4 hornets
  A blink frog (shapeshifter) (Elf:3)
  5 tyrant leeches
  A hornet (shapeshifter) (D:15)
  5 blink frogs (Lair:2)
  5 dream sheep (Lair:3)
  37 slime creatures
  4 spectral swamp dragons (Swamp:4)
  6 redbacks
  A shadow (D:12)
  3 air elementals
  A spriggan (shapeshifter) (D:15)
  4 water elementals
  A tarantella (Vaults:3)
  4 wyverns
  4 wraiths
  37 yaks
  A vampire (D:10)
  A hog (shapeshifter) (D:15)
  4 basilisks
  20 vampire mosquitoes
  A chaos spawn (Depths:2)
  3 steam dragons
  3 fire elementals
  A warg (D:10)
  A naga (shapeshifter) (Vaults:5)
  27 nagas
  2 swamp worms
  13 water moccasins
  5 floating eyes
  A hell hound (Snake:3)
  A floating eye (shapeshifter) (Elf:2)
  An ice beast (D:6)
  A swamp drake (Swamp:1)
  2 sky beasts
  23 orc warriors
  2 black bears
  4 swamp dragon zombies (Swamp:4)
  6 ogres
  5 centaurs
  9 phantoms (Swamp:4)
  A lemure (D:6)
  A kobold brigand (D:12)
  9 bullfrogs
  Blork the orc (D:6)
  2 scorpions
  3 earth elementals (Elf:1)
  A wyvern zombie (D:5)
  A water moccasin zombie (D:6)
  11 killer bees
  2 electric eels (D:11)
  3 wights (D:9)
  3 centaur zombies
  21 orc priests
  2 hounds (D:5)
  2 gnoll shamans
  A jelly (D:4)
  Natasha (twice) (D:2)
  2 iguanas (D:6)
  27 orc wizards
  A scorpion zombie (D:5)
  2 spectral swamp drakes (Swamp:4)
  A hound skeleton (D:4)
  A howler monkey zombie (D:6)
  13 gnolls
  A howler monkey skeleton (D:5)
  4 adders
  An ufetubus (D:7)
  2 dart slugs (D:4)
  64 orcs
  A bat zombie (D:1)
  4 endoplasms
  5 giant cockroaches
  10 goblins
  6 hobgoblins
  7 jackals
  8 kobolds
  2 quokkas
  8 ball pythons
  A ball python zombie (D:1)
  3 bats
  2 frilled lizards
  5 rats
1366 creatures vanquished.

Vanquished Creatures (collateral kills)
  2 tentacled monstrosities (Depths:4)
  A rockslime (Zig:5)
  A nagaraja (Snake:4)
  A frost giant (Depths:4)
  A vault warden (Vaults:4)
  An ironbound preserver (Vaults:3)
  A very ugly thing (Depths:4)
  A green draconian (Zig:2)
  A purple draconian (Depths:5)
  A red draconian (Zig:4)
  A white draconian (Depths:5)
  A fire dragon (Depths:5)
  An ironbound thunderhulk (Vaults:3)
  2 ice dragons
  A salamander tyrant (Snake:4)
  2 naga warriors (Snake:4)
  2 naga sharpshooters (Snake:4)
  A spriggan (Depths:4)
  A spriggan berserker (Depths:5)
  A shock serpent (Snake:4)
  A salamander mystic (Depths:4)
  5 deep trolls
  An infernal demonspawn (Depths:4)
  A wizard (Vaults:2)
  2 naga ritualists
  4 salamanders
  3 ugly things
  A naga mage (Snake:4)
  A black mamba (Snake:4)
  2 yaktaurs (Vaults:2)
  A tengu conjurer (Depths:4)
  A hornet (Depths:4)
  A slime creature (Zig:5)
  4 nagas (Snake:4)
  An earth elemental (Zig:1)
53 creatures vanquished.

Vanquished Creatures (others)
  A swamp dragon (Zig:7)
  2 foxfires (Swamp:3)
  5 fungi
  74 plants
  9 withered plants (Gauntlet)
91 creatures vanquished.

Grand Total: 1510 creatures vanquished

Notes
Turn   | Place    | Note
-------+----------+-------------------------------------------
     0 | D:1      | ipx the Deep Elf Earth Elementalist began the quest for the
                  | Orb.
     0 | D:1      | Reached XP level 1. HP: 10/10 MP: 6/6
    83 | D:1      | Reached XP level 2. HP: 12/15 MP: 5/8
   112 | D:1      | Learned a level 2 spell: Passwall
   298 | D:2      | Reached XP level 3. HP: 10/19 MP: 8/10
   300 | D:2      | Noticed Natasha
   329 | D:2      | Learned a level 3 spell: Stone Arrow
   472 | D:2      | Killed Natasha
   473 | D:2      | Reached skill level 1 in Conjurations
   474 | D:2      | Noticed Natasha
   487 | D:2      | Killed Natasha
   488 | D:2      | Reached XP level 4. HP: 15/24 MP: 8/12
   560 | D:3      | Found Woycue's Antique Armour Shop.
   605 | D:3      | Learned a level 4 spell: Petrify
   652 | D:4      | Noticed a scorpion
   654 | D:4      | Noticed an ogre
   657 | D:4      | Killed an ogre
   658 | D:4      | Reached XP level 5. HP: 28/28 MP: 7/13
   666 | D:4      | Found a shimmering altar of Xom.
   686 | D:4      | Reached skill level 5 in Earth Magic
   803 | D:4      | Found a runed translucent gate.
   803 | D:4      | Found a runed translucent gate.
   804 | D:4      | Noticed Ge0ff's ghost (amateur MfGl)
   805 | D:4      | Found a runed translucent gate.
   821 | D:4      | Reached XP level 6. HP: 32/32 MP: 12/14
   910 | D:4      | Found a hide-covered altar of Uskayaw.
   930 | D:4      | Found a shimmering blue altar of Sif Muna.
   976 | D:5      | Entered Level 5 of the Dungeon
  1026 | D:5      | Noticed a shadow
  1136 | D:5      | Reached XP level 7. HP: 36/36 MP: 10/15
  1168 | D:5      | Noticed Sigmund
  1269 | D:6      | Found a staircase to the Ecumenical Temple.
  1274 | Temple   | Entered the Ecumenical Temple
  1306 | Temple   | Became a worshipper of Vehumet
  1487 | D:6      | Reached skill level 5 in Transmutations
  1682 | D:6      | Reached XP level 8. HP: 36/41 MP: 11/16
  1826 | D:6      | Noticed Pikel
  1828 | D:6      | Noticed Maggie
  1828 | D:6      | Noticed Blork the orc
  1880 | D:6      | Killed Pikel
  1881 | D:6      | Reached skill level 5 in Spellcasting
  1984 | D:3      | Bought a pair of runed boots for 135 gold pieces
  2080 | D:5      | Found a blossoming altar of Fedhas.
  2102 | D:6      | Killed Blork the orc
  2103 | D:6      | Reached skill level 5 in Dodging
  2211 | D:7      | Reached * piety under Vehumet
  2211 | D:7      | Offered knowledge of Magic Dart by Vehumet.
  2315 | D:8      | Found an iron altar of Okawaru.
  2334 | D:8      | Reached XP level 9. HP: 44/45 MP: 21/21
  2389 | D:8      | Reached skill level 1 in Evocations
  2460 | D:8      | Found a glowing golden altar of the Shining One.
  2500 | D:8      | Learned a level 5 spell: Iskenderun's Battlesphere
  2502 | D:8      | Learned a level 1 spell: Magic Dart
  2536 | D:9      | Found a stormy altar of Qazlal.
  2594 | D:9      | Reached skill level 5 in Conjurations
  2782 | D:7      | Noticed Duvessa
  2782 | D:7      | Noticed Dowan
  2798 | D:8      | Found Bazarph's Specific Store.
  2800 | D:8      | Found Beedu's General Store.
  2917 | D:9      | Noticed a two-headed ogre
  2936 | D:10     | Entered Level 10 of the Dungeon
  3093 | D:10     | Noticed a troll
  3106 | D:10     | Reached ** piety under Vehumet
  3106 | D:10     | Offered knowledge of Foxfire by Vehumet.
  3124 | D:10     | Killed a troll
  3227 | D:9      | Reached XP level 10. HP: 50/50 MP: 9/22
  3389 | D:9      | Killed a two-headed ogre
  3390 | D:9      | Reached skill level 10 in Conjurations
  3549 | D:9      | Offered knowledge of Ignite Poison by Vehumet.
  3681 | D:10     | Found a sacrificial altar of Ru.
  3684 | D:10     | Found a broken altar of Ashenzari.
  3693 | D:10     | Found a burning altar of Makhleb.
  3697 | D:10     | Found an ancient bone altar of Kikubaaqudgha.
  3741 | D:10     | Found Xodd's Neck Hole.
  3758 | D:11     | Noticed Harold
  3764 | D:11     | Killed Harold
  3882 | D:11     | Found a runed translucent door.
  3888 | D:11     | Reached *** piety under Vehumet
  3889 | D:11     | Identified the +10 trident of the Thieving Seeker {flame,
                  | Will+}
  3929 | D:11     | Noticed askman's ghost (journeyman DsFi)
  4006 | D:10     | Found a staircase to the Orcish Mines.
  4019 | D:10     | Learned a level 5 spell: Irradiate
  4020 | Orc:1    | Entered Level 1 of the Orcish Mines
  4073 | D:10     | Bought an amulet of magic regeneration for 450 gold pieces
  4095 | D:11     | Noticed a two-headed ogre
  4099 | D:11     | Killed a two-headed ogre
  4100 | D:11     | Reached XP level 11. HP: 54/54 MP: 24/26
  4100 | D:11     | Found a staircase to the Lair.
  4124 | Lair:1   | Entered Level 1 of the Lair of Beasts
  4295 | Lair:2   | Reached skill level 10 in Spellcasting
  4300 | Lair:2   | Learned a level 1 spell: Apportation
  4304 | Lair:2   | Learned a level 2 spell: Sublimation of Blood
  4313 | Lair:1   | Offered knowledge of Mephitic Cloud by Vehumet.
  4314 | Lair:1   | Reached skill level 1 in Necromancy
  4438 | Lair:2   | Found a radiant altar of Vehumet.
  4512 | Lair:2   | Noticed a five-headed hydra
  4559 | Lair:2   | Reached skill level 10 in Dodging
  4691 | Lair:3   | Found a staircase to the Snake Pit.
  4748 | Lair:3   | Noticed a fire crab
  4757 | Lair:3   | Killed a fire crab
  4760 | Lair:3   | Reached **** piety under Vehumet
  4789 | Lair:4   | Noticed a five-headed hydra
  4794 | Lair:4   | Killed a five-headed hydra
  4830 | Lair:4   | Offered knowledge of Conjure Flame by Vehumet.
  4831 | Lair:4   | Reached XP level 12. HP: 51/59 MP: 28/28
  4844 | Lair:4   | Noticed a boulder beetle
  4870 | Lair:4   | Killed a boulder beetle
  4906 | Lair:4   | Noticed a six-headed hydra
  4907 | Lair:4   | Noticed a six-headed hydra
  4911 | Lair:4   | Killed a six-headed hydra
  4914 | Lair:4   | Killed a six-headed hydra
  4926 | Lair:4   | Learned a level 7 spell: Orb of Destruction
  4937 | Lair:4   | Noticed an eight-headed hydra
  4939 | Lair:4   | Killed an eight-headed hydra
  4940 | Lair:4   | Reached skill level 1 in Fighting
  5140 | Lair:4   | Noticed a death yak
  5183 | Lair:4   | Noticed a death yak
  5202 | Lair:4   | Killed a death yak
  5217 | Lair:4   | Noticed a death yak
  5223 | Lair:4   | Killed a death yak
  5239 | Lair:4   | Killed a death yak
  5243 | Lair:4   | Noticed a death yak
  5247 | Lair:4   | Killed a death yak
  5304 | Lair:4   | Reached skill level 15 in Conjurations
  5315 | Lair:4   | Noticed a five-headed hydra
  5322 | Lair:4   | Killed a five-headed hydra
  5323 | Lair:4   | Reached skill level 1 in Translocations
  5342 | Lair:5   | Found a staircase to the Slime Pits.
  5342 | Lair:5   | Found a viscous altar of Jiyva.
  5359 | Lair:3   | Reached skill level 1 in Shields
  5449 | Lair:2   | Noticed an eight-headed hydra
  5453 | Lair:2   | Killed an eight-headed hydra
  5469 | Lair:2   | Reached ***** piety under Vehumet
  5469 | Lair:2   | Offered knowledge of Lightning Bolt by Vehumet.
  5470 | Lair:2   | Reached XP level 13. HP: 68/68 MP: 24/29
  5538 | Lair:3   | Found a staircase to the Swamp.
  5874 | D:13     | Found Seusogy's Antique Armour Emporium.
  5920 | D:13     | Found a gate leading to a gauntlet.
  5928 | Gauntlet | Entered a Gauntlet
  5930 | Gauntlet | Found a transporter.
  5936 | Gauntlet | Found a transporter.
  5944 | Gauntlet | Found a transporter.
  5945 | Gauntlet | Found a transporter.
  5949 | Gauntlet | Found a transporter.
  5960 | Gauntlet | Found a transporter.
  5986 | Gauntlet | Identified the +0 helmet of Plasticity {rF- rN++ MP+9
                  | Stlth-}
  6003 | Gauntlet | Reached skill level 5 in Necromancy
  6005 | Gauntlet | Reached skill level 5 in Evocations
  6016 | Gauntlet | Identified the +5 cloak of Crawling {Rampage rF+++ rCorr}
  6031 | Gauntlet | Identified the +2 dire flail "Igoetops" {flame, rElec rPois
                  | rC- Int+4}
  6031 | Gauntlet | Noticed a minotaur
  6038 | Gauntlet | Killed a minotaur
  6055 | Gauntlet | Got the Collected Works on the Harmful Mountains
  6146 | D:13     | Found Yxawar's Assorted Antiques.
  6147 | D:13     | Found Wicewk's General Store.
  6158 | D:13     | Bought a scroll labelled JUMUVIENOM for 27 gold pieces
  6158 | D:13     | Bought a scroll of identify for 54 gold pieces
  6158 | D:13     | Bought a golden potion for 24 gold pieces
  6158 | D:13     | Bought a scroll labelled SASIMM VILISI for 27 gold pieces
  6162 | D:13     | Bought a potion of attraction for 39 gold pieces
  6162 | D:13     | Bought a wand of charming (9) for 143 gold pieces
  6162 | D:13     | Bought a potion of brilliance for 52 gold pieces
  6224 | D:14     | Identified the +7 whip "Dimus" {vorpal, rElec}
  6287 | D:15     | Entered Level 15 of the Dungeon
  6340 | D:14     | Noticed Nessos
  6479 | D:10     | Upgraded the game from 0.27-a0-1565-gad902ab807 to
                  | 0.27-a0-1579-g97d2440184
  6511 | Orc:2    | Entered Level 2 of the Orcish Mines
  6511 | Orc:2    | Found a staircase to the Elven Halls.
  6755 | Orc:1    | Offered knowledge of Spellforged Servitor by Vehumet.
  6813 | Orc:1    | Reached XP level 14. HP: 74/74 MP: 10/32
  6956 | Orc:1    | Noticed Fannar
  6956 | Orc:1    | Found Qury's Antique Armour Boutique.
  7057 | Orc:2    | Noticed Maurice
  7060 | Orc:2    | Killed Maurice
  7117 | Orc:2    | Offered knowledge of Freezing Cloud by Vehumet.
  7130 | Orc:2    | Learned a level 5 spell: Freezing Cloud
  7273 | Orc:2    | Found Ojoubet's Book Shop.
  7273 | Orc:2    | Found Othriusa's Armour Emporium.
  7275 | Orc:2    | Found Qiza's General Store.
  7275 | Orc:2    | Found Baloivapt's Magic Scroll Emporium.
  7284 | Orc:2    | Bought a scroll of amnesia for 49 gold pieces
  7286 | Orc:2    | Bought the +2 pair of boots of Narcissism {rCorr MP+9
                  | Int+5} for 734 gold pieces
  7299 | Orc:2    | Bought a scroll of identify for 28 gold pieces
  7401 | Orc:1    | Found Husch's Magic Scroll Shoppe.
  7417 | Orc:1    | Killed Fannar
  7433 | Orc:1    | Bought a scroll of identify for 34 gold pieces
  7433 | Orc:1    | Bought a scroll of identify for 34 gold pieces
  7433 | Orc:1    | Bought a scroll of identify for 34 gold pieces
  7436 | Orc:1    | Acquired 874 gold pieces
  7438 | Orc:1    | Bought a scroll of blinking for 127 gold pieces
  7438 | Orc:1    | Bought a scroll of teleportation for 51 gold pieces
  7507 | Orc:2    | Bought a scroll of fear for 49 gold pieces
  7507 | Orc:2    | Bought a scroll of enchant armour for 105 gold pieces
  7507 | Orc:2    | Bought a scroll of magic mapping for 49 gold pieces
  7507 | Orc:2    | Bought a scroll of teleportation for 42 gold pieces
  7507 | Orc:2    | Bought a scroll of identify for 28 gold pieces
  7507 | Orc:2    | Bought a scroll of identify for 28 gold pieces
  7507 | Orc:2    | Bought a scroll of identify for 28 gold pieces
  7511 | Orc:2    | Bought a scroll of identify for 26 gold pieces
  7511 | Orc:2    | Bought a wand of paralysis (11) for 169 gold pieces
  7512 | Orc:2    | Bought a potion of brilliance for 52 gold pieces
  7512 | Orc:2    | Bought a potion of magic for 104 gold pieces
  7561 | Elf:1    | Entered Level 1 of the Elven Halls
  7713 | Elf:1    | Learned a level 5 spell: Borgnjor's Vile Clutch
  7767 | Elf:1    | Paralysed by an air elemental for 1 turns
  7807 | Elf:2    | Reached skill level 1 in Armour
  8026 | Elf:2    | Paralysed by an air elemental for 1 turns
  8073 | Elf:3    | Entered Level 3 of the Elven Halls
  8145 | Elf:2    | Reached XP level 15. HP: 60/78 MP: 35/35
  8147 | Elf:2    | Reached skill level 10 in Earth Magic
  8150 | Elf:2    | Reached skill level 10 in Necromancy
  8263 | Elf:2    | Found Ryzxif's Antique Armour Boutique.
  8273 | Elf:2    | Reached skill level 1 in Ice Magic
  8273 | Elf:2    | Reached skill level 1 in Air Magic
  8358 | Elf:3    | Reached skill level 5 in Armour
  8377 | Elf:3    | Offered knowledge of Lee's Rapid Deconstruction by Vehumet.
  8377 | Elf:3    | Noticed a deep elf blademaster
  8383 | Elf:3    | Killed a deep elf blademaster
  8387 | Elf:3    | Killed a ghostly deep elf blademaster
  8392 | Elf:3    | Noticed an Ice Fiend
  8427 | Elf:3    | Learned a level 5 spell: Lee's Rapid Deconstruction
  8511 | Elf:3    | Identified the +7 scythe of Deflation {vorpal, Fly Str+4}
  8532 | Elf:3    | Identified the +5 battleaxe of Cobwebs {pain, +Rage rC+
                  | Str+2}
  8539 | Elf:3    | Reached skill level 5 in Fighting
  8575 | Elf:3    | Noticed a deep elf sorcerer
  8578 | Elf:3    | Killed a deep elf sorcerer
  8628 | Elf:3    | Noticed a deep elf sorcerer
  8629 | Elf:3    | Identified the +7 short sword "Kyizih" {vorpal, Str+3
                  | Int+4}
  8634 | Elf:3    | Killed a deep elf sorcerer
  8639 | Elf:3    | Noticed a deep elf master archer
  8640 | Elf:3    | Noticed a deep elf blademaster
  8645 | Elf:3    | Killed a deep elf master archer
  8646 | Elf:3    | Killed a deep elf blademaster
  8646 | Elf:3    | Identified the amulet of Qovosiex {RegenMP Harm rN+ Will+}
  8689 | Elf:3    | Found the +3 hat of Pondering {ponderous, Will+ MP+10
                  | Int+5}
  8756 | Elf:3    | Identified the +9 morningstar of Pandemonium {flame, *Slow
                  | rC- Int+10 SInv}
  8756 | Elf:3    | Identified the ring "Xemyzu Ischip" {rElec rF- Will++ Int+6
                  | Dex+4}
  8803 | Elf:3    | Noticed a deep elf master archer
  8826 | Elf:3    | Killed a deep elf master archer
  8827 | Elf:3    | Reached skill level 1 in Staves
  8827 | Elf:3    | Reached XP level 16. HP: 78/87 MP: 11/36
  8838 | Elf:3    | Identified the +0 whip of Somuv {drain, Fly rF+ Will-
                  | Dex+4}
  8848 | Elf:3    | Identified the ring "Ryvvut" {rElec rC- rCorr Dex+4}
  8853 | Elf:3    | Identified the +3 fustibalus "Inefank" {vorpal, rElec}
  9013 | Elf:1    | Reached skill level 15 in Spellcasting
  9028 | Elf:1    | Identified the +6 scimitar of Tartarus {protect, rElec rF+
                  | Will+ MP-9}
  9092 | Orc:2    | Bought 3 scrolls of summoning for 399 gold pieces
  9093 | Orc:2    | Bought a potion of magic for 104 gold pieces
  9094 | Orc:2    | Bought a scroll of vulnerability for 105 gold pieces
  9198 | D:11     | Learned a level 6 spell: Iron Shot
  9254 | Snake:1  | Entered Level 1 of the Snake Pit
  9367 | Snake:1  | Found a frozen archway.
  9386 | IceCv    | Entered an ice cave
  9453 | IceCv    | Identified the ring of the Witching Enemy {rCorr Int+7}
  9507 | IceCv    | Reached skill level 5 in Staves
  9607 | IceCv    | Reached ****** piety under Vehumet
  9659 | IceCv    | Noticed a shard shrike
  9668 | IceCv    | Offered knowledge of Yara's Violent Unravelling by Vehumet.
  9692 | IceCv    | Killed a shard shrike
  9707 | IceCv    | Identified the ring "Sisor" {Will+ Int+3 Slay+2}
  9804 | Snake:2  | Learned a level 6 spell: Death Channel
 10008 | Snake:3  | Reached XP level 17. HP: 92/92 MP: 39/39
 10104 | Snake:4  | Entered Level 4 of the Snake Pit
 10165 | Snake:4  | Found Oczas's Jewellery Boutique.
 10228 | Snake:4  | Noticed Vashnia
 10229 | Snake:4  | Offered knowledge of Ozocubu's Refrigeration by Vehumet.
 10396 | Snake:4  | Killed Vashnia
 10494 | Snake:4  | Got a serpentine rune of Zot
 10685 | Snake:2  | Reached skill level 10 in Evocations
 10762 | Lair:3   | Noticed Nergalle
 10763 | Lair:3   | Killed Nergalle
 10792 | Swamp:1  | Entered Level 1 of the Swamp
 10802 | Swamp:1  | Offered knowledge of Maxwell's Capacitive Coupling by
                  | Vehumet.
 10816 | Swamp:1  | You fall into a shaft and drop 1 floor!
 10876 | Swamp:2  | Noticed Roxanne
 10880 | Swamp:2  | Killed Roxanne
 10884 | Swamp:2  | Noticed Jorgrun
 10891 | Swamp:2  | Killed Jorgrun
 10906 | Swamp:2  | Reached XP level 18. HP: 55/96 MP: 41/41
 10933 | Swamp:2  | Found a runed translucent door.
 10933 | Swamp:2  | Noticed Meom's ghost (adept FoFi)
 10947 | Swamp:2  | Learned a level 8 spell: Lehudib's Crystal Spear
 10956 | Swamp:2  | Killed Meom's ghost
 10959 | Swamp:2  | Identified the +1 robe of Curiosity {Fly rElec Slay+5
                  | Stlth-}
 10960 | Swamp:2  | Identified the +5 rapier of Causality {vorpal, rElec rPois
                  | rC++ Stlth-}
 11024 | Swamp:4  | Entered Level 4 of the Swamp
 11230 | Swamp:4  | Reached skill level 15 in Earth Magic
 11250 | Swamp:4  | Noticed a bone dragon
 11255 | Swamp:4  | Killed a bone dragon
 11264 | Swamp:4  | Learned a level 7 spell: Orb of Destruction
 11325 | Swamp:4  | Got a decaying rune of Zot
 11471 | Slime:1  | Entered Level 1 of the Pits of Slime
 11476 | Slime:1  | Offered knowledge of Fire Storm by Vehumet.
 11476 | Slime:1  | Offered knowledge of Shatter by Vehumet.
 11476 | Slime:1  | Offered knowledge of Ignition by Vehumet.
 11497 | Slime:2  | Gained mutation: Your body sometimes deteriorates upon
                  | taking damage. [a shining eye]
 11499 | Slime:2  | Reached skill level 5 in Shields
 11554 | Slime:3  | Noticed Dissolution
 11557 | Slime:3  | Killed Dissolution
 11633 | Slime:5  | Entered Level 5 of the Pits of Slime
 11685 | Slime:5  | Reached XP level 19. HP: 97/103 MP: 43/43
 11693 | Slime:5  | Found a viscous altar of Jiyva.
 11694 | Slime:5  | Noticed the Royal Jelly
 11742 | Slime:5  | Killed the Royal Jelly
 11815 | Slime:5  | Identified the amulet "Hastrur" {Acrobat rPois Int+4}
 11821 | Slime:5  | Identified the +1 robe "Wabir" {rCorr}
 11836 | Slime:5  | Got a slimy rune of Zot
 11871 | Slime:5  | Identified the +4 longbow "Guull" {freeze, rPois}
 12108 | D:8      | Bought a wand of acid (11) for 300 gold pieces
 12112 | D:8      | Bought a potion of lignification for 36 gold pieces
 12112 | D:8      | Bought a scroll of teleportation for 36 gold pieces
 12268 | D:13     | Bought a scroll of enchant armour for 97 gold pieces
 12275 | D:13     | You fall into a shaft and drop 2 floors!
 12326 | D:15     | Identified the ring "Yrougaleer" {rCorr Dex+6}
 12340 | D:15     | Found a shimmering blue altar of Sif Muna.
 12351 | D:15     | Found a transporter.
 12369 | D:14     | Killed Nessos
 12387 | D:12     | Found a portal to a secret trove of treasure.
 12438 | D:15     | Found a transporter.
 12476 | D:14     | Found a gate to the Vaults.
 12495 | Vaults:1 | Entered Level 1 of the Vaults
 12592 | Vaults:2 | Noticed Boris
 12596 | Vaults:2 | Killed Boris
 12707 | Vaults:3 | Acquired the ring "Zinwyniph" {Int+6 Slay+5}
 12799 | Vaults:3 | Found a staircase to the Crypt.
 12799 | Vaults:3 | Found a basalt altar of Yredelemnul.
 12800 | Vaults:3 | Found an ancient bone altar of Kikubaaqudgha.
 12844 | Vaults:4 | Reached XP level 20. HP: 105/108 MP: 37/46
 12873 | Vaults:4 | Noticed Boris
 12887 | Vaults:4 | Killed Boris
 13128 | Vaults:4 | Learned a level 9 spell: Shatter
 13131 | Vaults:5 | Entered Level 5 of the Vaults
 13170 | Vaults:4 | Gained mutation: Your body often deteriorates upon taking
                  | damage. [mutagenic glow]
 13180 | Vaults:5 | Identified the +6 dagger of the Sneaky Lies {vorpal, *Slow
                  | Fly rF+ rC+}
 13185 | Vaults:5 | Noticed an ancient lich
 13187 | Vaults:5 | Reached XP level 21. HP: 90/112 MP: 48/48
 13187 | Vaults:5 | Killed an ancient lich
 13197 | Vaults:5 | Noticed a dread lich
 13200 | Vaults:5 | Killed a dread lich
 13244 | Vaults:5 | Identified the +5 hand crossbow of Rotation {freeze, rElec}
 13271 | Vaults:5 | Got a silver rune of Zot
 13279 | Vaults:5 | Found the amulet of the Four Winds {rN+ Will+++ Clar}
 13420 | Vaults:5 | Reached skill level 5 in Stealth
 13501 | Vaults:5 | Acquired Great Wizards, Vol. VII
 13513 | Vaults:5 | Learned a level 4 spell: Passage of Golubria
 13602 | Vaults:3 | Reached skill level 15 in Dodging
 13723 | Vaults:1 | Reached XP level 22. HP: 108/120 MP: 19/49
 13775 | D:15     | Found a white marble altar of Elyvilon.
 13807 | D:15     | Identified the ring "Qalokhumn" {rC+ Will++ Dex+3}
 13815 | D:15     | Paralysed by a floating eye for 3 turns
 13824 | D:15     | Found a burning altar of Makhleb.
 14016 | D:15     | Found a staircase to the Depths.
 14026 | Depths:1 | Entered Level 1 of the Depths
 14108 | Depths:1 | Reached skill level 10 in Stealth
 14211 | Depths:5 | Entered Level 5 of the Depths
 14211 | Depths:5 | Noticed a caustic shrike
 14211 | Depths:5 | Noticed a caustic shrike
 14211 | Depths:5 | Noticed a caustic shrike
 14216 | Depths:5 | Killed a caustic shrike
 14217 | Depths:5 | Killed a caustic shrike
 14218 | Depths:5 | Killed a caustic shrike
 14239 | Depths:2 | Found Doriotiry's Antique Weapon Boutique.
 14271 | Depths:2 | Found Sabbos's Armour Shop.
 14368 | Depths:3 | Found a gateway to Hell.
 14610 | Depths:4 | Noticed a juggernaut
 14616 | Depths:4 | Killed a juggernaut
 14636 | Depths:4 | Learned a level 7 spell: Spellforged Servitor
 14663 | Depths:4 | Reached skill level 1 in Summonings
 14677 | Depths:4 | Noticed a juggernaut
 14682 | Depths:4 | Killed a juggernaut
 14687 | Depths:4 | Identified the ring "Doerch" {Fly MP+9 Str+4}
 14732 | Depths:4 | Found a one-way gate to the infinite horrors of the Abyss.
 14780 | Depths:5 | Found a gate to the Realm of Zot.
 14795 | Depths:5 | Reached XP level 23. HP: 71/128 MP: 34/51
 14807 | Depths:5 | Reached skill level 5 in Summonings
 14872 | Depths:5 | Found Ceshrexiy's General Store.
 15015 | Depths:4 | Reached skill level 10 in Shields
 15132 | Depths:4 | Found a gateway to a ziggurat.
 15134 | Depths:4 | Upgraded the game from 0.27-a0-1579-g97d2440184 to
                  | 0.27-a0-1590-g15f69828bf
 15143 | Zig:1    | Entered Level 1 of a ziggurat
 15162 | Zig:2    | Entered Level 2 of a ziggurat
 15187 | Zig:3    | Entered Level 3 of a ziggurat
 15209 | Zig:3    | Identified the +6 rapier "Abrup" {venom, *Corrode rC+++
                  | rN++}
 15213 | Zig:4    | Entered Level 4 of a ziggurat
 15234 | Zig:4    | Identified the amulet of Lawet {Spirit -Tele Drain rElec
                  | rN+ Dex+4}
 15250 | Zig:5    | Entered Level 5 of a ziggurat
 15273 | Zig:6    | Entered Level 6 of a ziggurat
 15297 | Zig:7    | Entered Level 7 of a ziggurat
 15310 | Zig:7    | Identified the +5 broad axe of the Grave {elec, Will+}
 15322 | Zig:8    | Entered Level 8 of a ziggurat
 15343 | Zig:8    | Identified the amulet of Yesterday {Faith *Slow Fly rC++}
 15347 | Zig:9    | Entered Level 9 of a ziggurat
 15355 | Zig:9    | Found the +10 morningstar "Eos" {elec, Halo rElec}
 15357 | Zig:9    | Noticed Cielum the pandemonium lord
 15376 | Zig:9    | Killed Cielum the pandemonium lord
 15378 | Zig:9    | Mangled by an acid blob

Illustrated notes

Levels and vault maps discovered:
D:1:      saegor_arrival_fortress, layout_loops_ring, minmay_heptomino_l4
D:2:      layout_loops_ring, minmay_misc_feat_hallway, uniq_natasha,
          uniq_crazy_yiuf_cottage
D:3:      layout_basic, hellmonk_ecumenical_altar_leap_of_faith, serial_shops,
          nicolae_shop_temple_entry_statues_fountains
D:4:      layout_layer_cave, amcnicky_altar_gilded,
          mainiacjoe_overflow_small_starburst, kennysheep_mini_moat,
          gammafunk_ghost_split
D:5:      layout_cave_pools, kennysheep_mini, nzn_wu_jian_contemplation,
          serial_shops, shop, uniq_sigmund
D:6:      minmay_flawed_box, layout_basic, dk_yredelemnul_ordeal,
          temple_doors_e, serial_glass, glass_columns_a, glass_columns_b,
          uniq_maggie, uniq_edmund, uniq_blork_the_orc, uniq_pikel
D:7:      layout_layer_cave, gammafunk_ghost_necromancy, uniq_duvessa
D:8:      layout_rooms, mainiacjoe_overflow_tiny_flanked, tso_metal_star,
          nicolae_specific_store, minmay_misc_feat_doors
D:9:      minmay_goldmine, layout_loops_ring, nicolae_qazlal_style_of_elements,
          serial_glass, glass_columns_c, glass_columns_a
D:10:     layout_cave_pools, grunt_temple_overflow_cloverleaf, erik_orc_3,
          minivault_1, st_stairs_8, nicolae_shop_sticking_my_neck_out
D:11:     layout_big_octagon, ebering_ghost_funeral_grove, uniq_harold
D:12:     layout_basic, ebering_ghost_reflecting_pool,
          nicolae_trove_entry_crossroad, uniq_psyche
D:13:     layout_basic, gauntlet_entry_generic, serial_shops, shop, shop, shop
D:14:     layout_rooms, david_vaults_1, serial_park_tiny_pond, uniq_nessos
D:15:     hangedman_spin_cycle
Temple:   jpeg_temple_island
Lair:1:   layout_regular_city, serial_bayou_shore_b, serial_bayou_shore_b
Lair:2:   layout_big_grid, basic_altar, grunt_megastairs_1,
          serial_bayou_shore_b, lemuel_fruit_tree, infiniplex_staircase_pool
Lair:3:   layout_misc_corridors, minmay_swamp_entry_swarm, dummy_snake_entry,
          lemuel_fruit_fields, lemuel_fruit_fields, infiniplex_staircase_pool_2,
          uniq_nergalle
Lair:4:   beast_lair_carwin_large_3, layout_big_grid, st_stairs_6,
          serial_bayou_pond_e, disabler_island, grunt_megastairs_2
Lair:5:   layout_hall_layers, slime_altar_1, hangedman_lair_unloving_vines,
          beast_lair_carwin_3
Swamp:1:  layout_basic_swamp, hangedman_swamp_ruin_wall
Swamp:2:  layout_falls_marsh, gammafunk_ghost_grave,
          evilmike_swamp_ruin_house_4, swamp_pool3, uniq_kirke, uniq_jorgrun,
          uniq_roxanne
Swamp:3:  layout_basic_swamp, evilmike_swamp_ruin_rubble_1
Swamp:4:  swamp_pestilence, layout_basic_swamp, nicolae_swamp_catching_bugs
Snake:1:  layout_cave_shapes, portal_ice_cave_entry_ugly_swarm,
          minmay_shop_grove
Snake:2:  layout_chambers, serial_bayou, serial_bayou_pond_e,
          serial_bayou_lake_a, serial_bayou_lagoon_a, serial_bayou_crossing,
          nrook_guardian_serpent_double, grunt_megastairs_4
Snake:3:  layout_cave_town, basic_altar, beargit_elvish_explorers, uniq_aizul
Snake:4:  minmay_snake_end_coiled, layout_cave_town, serial_shops,
          shop_fountains, grunt_ministairs_14, grunt_megastairs_5, uniq_vashnia
Slime:1:  layout_caves, nicolae_slime_ancient_tower_intersection
Slime:2:  layout_caves
Slime:3:  layout_caves, dissolution_awaits
Slime:4:  layout_caves
Slime:5
Orc:1:    layout_caves, serial_shops, nicolae_shop_crystal,
          nicolae_shop_window_shopping, nicolae_orc_tapped_out, uniq_fannar
Orc:2:    grunt_orc_tribal_feast, layout_diamond_mine, uniq_maurice
Elf:1:    layout_geoelf_octagon, minivault_28, kilobyte_mutagenic_chamber
Elf:2:    layout_gridlike, serial_shops, shop, nicolae_elf_stair_hall,
          grunt_ministairs_14
Elf:3:    elf_hall_gauntlet_narrow, layout_geoelf_octagon, grunt_ministairs_10
Vaults:1: grunt_vaults_bifocal, vaults_room_semicircle, hangedman_vaults_maws,
          hangedman_vaults_pinch, vaults_mumra_minichess, nicolae_vaults_big_ls,
          ontoclasm_vaults_gateway, nicolae_vaults_little_squares_4,
          vaults_room_pools, vaults_room_fours, v_alt_pattern_3,
          layout_vaults_maze, serial_shops, nicolae_diamond_shop
Vaults:2: ontoclasm_vaults_hangar, grunt_vaults_trifunnel,
          hangedman_vaults_stagger, nicolae_vaults_network_quincunx
          [nicolae_vaults_network_quincunx_subvault,
          nicolae_vaults_network_quincunx_subvault,
          nicolae_vaults_network_quincunx_subvault,
          nicolae_vaults_network_quincunx_subvault,
          nicolae_vaults_network_quincunx_subvault],
          nicolae_vaults_stairing_the_circle, nicolae_vaults_little_squares_6,
          nicolae_vaults_yaktaur_gun_rack, v_misc_19, ontoclasm_vaults_shout,
          v_misc_15, grunt_vaults_funnel, layout_vaults_big_cross, serial_shops,
          nicolae_shop_temple_entry_statues_fountains, uniq_margery, uniq_boris,
          uniq_donald
Vaults:3: v_misc_15, st_star, v_pattern_3, vaults_room_grunt_arrival_ludios,
          vaults_room_pool, v_misc_28, hangedman_vaults_snaps,
          hangedman_vaults_stretched_pinwheel, vaults_room_corners,
          minmay_crypt_entry_necro_gods, grunt_vaults_focal,
          hangedman_vaults_slice, layout_vaults_omnibox, serial_shops,
          nicolae_shop_waterfront
Vaults:4: v_alt_pattern_6, nicolae_vaults_border_crossing,
          nicolae_vaults_network_barrier, nicolae_vaults_back_hallway,
          ontoclasm_vaults_ring_large, v_rooms_4, v_misc_13,
          nicolae_vaults_little_squares_4, v_misc_9, layout_vaults_ring,
          uniq_xtahua
Vaults:5
Depths:1: layout_basic, rand_demon_pan_entry_9, hell_entry, minivault_12
Depths:2: minmay_tearing_corner, layout_small_grid, serial_shops, shop_statue,
          nicolae_shop_crystal, nicolae_sextant, grunt_metal_band,
          grunt_pan_entry_sceptre, abyss_entry
Depths:3: kennysheep_spiral_hall, layout_gridville, grunt_pan_entry_zigzag,
          pf_hell_entry_great_geh, serial_bayou_pond_b
Depths:4: minmay_fractal_lines_corner, layout_cave_pools, enter_ziggurat_d,
          hell_entry, abyss_entry, grunt_pan_entry_in_and_out,
          kennysheep_random_hallway
Depths:5: evilmike_zot_entry_argh, layout_gridlike, kiku_gazebo_garden_becter,
          hell_entry, serial_shops, nicolae_shop_crystal
Zig:9

Skill      XL: |  1  2  3  4  5  6  7  8  9 10 11 12 13 14 15 16 17 18 19 20 21 22 23 |
---------------+----------------------------------------------------------------------+-----
Spellcasting   | 4 7 9 10 12 14 16 17 18 20 21 22 | 22.0
Earth Magic    | 4 5 6 7 8 9 10 12 14 16 17 21 22 | 22.3
Conjurations   | 2 3 4 9 11 12 15 16 | 16.0
Transmutations | 3 5 6 |  6.0
Dodging        | 6 9 11 12 13 14 15 16 | 16.0
Evocations     | 4 6 7 8 10 11 | 11.0
Necromancy     | 4 7 9 10 12 | 12.0
Fighting       | 3 5 6 7 8 |  8.3
Translocations | 2 4 |  4.0
Shields        | 1 4 6 9 12 | 12.5
Armour         | 3 6 |  6.0
Ice Magic      | 3 |  3.0
Air Magic      | 3 |  3.0
Staves         | 1 6 8 |  8.0
Stealth        | 7 10 | 10.0
Summonings     | 4 9 |  9.0

Action                   |  1- 3 |  4- 6 |  7- 9 | 10-12 | 13-15 | 16-18 | 19-21 | 22-24 || total
-------------------------+-------+-------+-------+-------+-------+-------+-------+-------++-------
Melee: Whip              |    15 |       |     9 |       |    10 |       |       |       ||    34
       Dagger            |    16 |    28 |    13 |       |     8 |       |       |       ||    65
       Hand axe          |       |       |    93 |    23 |       |       |       |       ||   116
       Glaive            |       |       |     4 |    22 |       |       |       |       ||    26
       Staff             |       |       |       |       |       |    28 |    20 |    19 ||    67
       Rapier            |       |       |       |       |       |       |       |     1 ||     1
 Cast: Sandblast         |    23 |    38 |    15 |    75 |     7 |       |       |       ||   158
       Passwall          |     1 |       |     2 |     3 |     4 |     3 |     7 |     1 ||    21
       Stone Arrow       |       |    10 |    65 |    65 |    61 |       |       |       ||   201
       Magic Dart        |       |       |    23 |   143 |   233 |   186 |    29 |     1 ||   615
       Petrify           |       |       |    10 |     5 |     2 |       |       |       ||    17
       Iskenderun's Batt |       |       |     3 |    52 |    81 |    64 |    10 |       ||   210
       Irradiate         |       |       |       |     3 |    13 |    18 |    12 |     3 ||    49
       Apportation       |       |       |       |     8 |    32 |    57 |    55 |    27 ||   179
       Sublimation of Bl |       |       |       |     1 |    16 |    72 |    49 |    40 ||   178
       Orb of Destructio |       |       |       |     5 |    58 |    15 |    38 |    43 ||   159
       Freezing Cloud    |       |       |       |       |    37 |    66 |    24 |    20 ||   147
       Borgnjor's Vile C |       |       |       |       |    19 |    71 |    46 |    52 ||   188
       Lee's Rapid Decon |       |       |       |       |    22 |    25 |    18 |    12 ||    77
       Iron Shot         |       |       |       |       |       |    87 |       |       ||    87
       Death Channel     |       |       |       |       |       |    11 |    13 |     2 ||    26
       Lehudib's Crystal |       |       |       |       |       |    53 |   124 |   107 ||   284
       Shatter           |       |       |       |       |       |       |    25 |    11 ||    36
       Passage of Golubr |       |       |       |       |       |       |     6 |    43 ||    49
       Spellforged Servi |       |       |       |       |       |       |       |    19 ||    19
Evoke: Wand              |       |       |    10 |    23 |    45 |     9 |     4 |     7 ||    98
       Condenser vane    |       |       |       |       |       |     1 |       |     1 ||     2
       Phantom mirror    |       |       |       |       |       |       |       |     1 ||     1
  Use: Scroll            |       |     3 |     8 |     2 |    25 |     7 |    14 |     7 ||    66
       Potion            |       |       |     1 |       |     6 |     5 |     6 |     7 ||    25
 Stab: Sleeping          |     2 |     3 |       |       |       |       |       |       ||     5
       Petrified         |       |       |    29 |    22 |     8 |       |       |       ||    59
       Petrifying        |       |       |       |     1 |       |       |       |       ||     1
       Distracted        |       |       |       |       |       |       |       |     1 ||     1
Armor: Robe              |     6 |     2 |    30 |    32 |    18 |       |       |       ||    88
       Troll leather arm |       |       |       |       |    23 |    37 |    39 |    27 ||   126
       Skin              |       |       |       |       |       |       |       |     5 ||     5
Dodge: Dodged            |    21 |    20 |   101 |    91 |   131 |    62 |    75 |    37 ||   538
Block: Buckler           |       |       |       |       |    28 |    29 |    30 |    24 ||   111

Table legend: (Time is in decaauts)
 A = Elapsed time spent in this place.
 B = Non-inter-level travel time spent in this place.
 C = Inter-level travel time spent in this place.
 D = Time resting spent in this place.
 E = Time spent auto-exploring this place.
 F = Levels seen in this place.
 G = Mean time per level.
                   A        B        C        D        E       F      G
               +--------+--------+--------+--------+--------+-----+--------+
         Total |  16231 |  15823 |    408 |      0 |      0 |  60 |  270.5 |
       Dungeon |   5819 |   5755 |     64 |      0 |      0 |  15 |  387.9 |
        Temple |     57 |     57 |      0 |      0 |      0 |   1 |   57.0 |
          Lair |   1904 |   1785 |    119 |      0 |      0 |   5 |  380.8 |
         Swamp |    707 |    689 |     18 |      0 |      0 |   4 |  176.8 |
     Snake Pit |   1216 |   1216 |      0 |      0 |      0 |   4 |  304.0 |
    Slime Pits |    482 |    463 |     19 |      0 |      0 |   5 |   96.4 |
  Orcish Mines |   1204 |   1059 |    145 |      0 |      0 |   2 |  602.0 |
   Elven Halls |   1554 |   1513 |     41 |      0 |      0 |   3 |  518.0 |
        Vaults |   1332 |   1332 |      0 |      0 |      0 |   5 |  266.4 |
        Depths |   1184 |   1184 |      0 |      0 |      0 |   5 |  236.8 |
      Ziggurat |    244 |    244 |      0 |      0 |      0 |   9 |   27.1 |
      Ice Cave |    372 |    372 |      0 |      0 |      0 |   1 |  372.0 |
      Gauntlet |    150 |    150 |      0 |      0 |      0 |   1 |  150.0 |
               +--------+--------+--------+--------+--------+-----+--------+

Top non-repeatable levels by time:
     D:9: 774 daAuts
   Elf:3: 772 daAuts
   Orc:2: 761 daAuts
     D:6: 725 daAuts
    D:10: 654 daAuts
  Lair:4: 644 daAuts
 Snake:4: 530 daAuts
  Lair:2: 530 daAuts
   Elf:2: 466 daAuts
     D:8: 443 daAuts
   Orc:1: 442 daAuts
    D:11: 432 daAuts
    D:15: 430 daAuts
Vaults:5: 396 daAuts
Depths:4: 387 daAuts
